 Dungeon Crawl Stone Soup version 0.30-a0-4-ga7cffc901d (webtiles) character file.

Game seed: 9345511274809888097

147 greasedhog the Sneak (level 5, 0/28 HPs)
             Began as a Gargoyle Venom Mage on Aug 20, 2022.
             Was an Initiate of Vehumet.
             Slain by a black bear (4 damage)
             ... on level 4 of the Dungeon.
             The game lasted 00:05:42 (3706 turns).

greasedhog the Sneak (Gargoyle Venom Mage)          Turns: 3706, Time: 00:05:44

Health: 0/28       AC:  7    Str: 12    XL:     5   Next: 29%
Magic:  4/8        EV: 11    Int: 17    God:    Vehumet [......]
Gold:   165        SH:  0    Dex: 10    Spells: 2/8 levels left

rFire   . . .      SeeInvis .    i - +0 falchion (elec)
rCold   . . .      Faith    .    (no shield)
rNeg    + . .      Spirit   .    a - +0 robe
rPois   ∞          Reflect  .    p - +0 helmet
rElec   +          Harm     .    (no cloak)
rCorr   .          Rampage  .    (no gloves)
Will    .....                    (no boots)
Stlth   ++........               (no amulet)
HPRegen 0.09/turn                (no ring)
MPRegen 0.11/turn                (no ring)

@: no status effects
A: sickness immunity, AC +4, negative energy resistance 1, electricity
resistance, torment resistance 1, petrification resistance
a: Renounce Religion


You were on level 4 of the Dungeon.
You worshipped Vehumet.
Vehumet was noncommittal.
You visited 1 branch of the dungeon, and saw 4 of its levels.

You collected 198 gold pieces.
You spent 33 gold pieces at shops.

Inventory:

Hand Weapons
 i - a +0 falchion of electrocution (weapon)
Missiles
 n - 2 curare-tipped darts
Armour
 a - a +0 robe (worn)
 p - a +0 helmet (worn)
Scrolls
 d - 2 scrolls of teleportation
 h - a scroll of poison {unknown}
 k - a scroll of vulnerability
 l - 2 scrolls of enchant armour {unknown}
Potions
 b - a potion of magic
 c - a potion of haste {unknown}
 e - 4 potions of flight {unknown}
 f - 3 potions of brilliance {unknown}
 g - a potion of heal wounds {unknown}
 j - a potion of curing {unknown}
 m - a potion of lignification {unknown}
 o - a potion of might {unknown}


   Skills:
 - Level 1.5 Dodging
 * Level 4.6 Stealth
 - Level 2.0 Spellcasting
 - Level 1.0 Transmutations
 * Level 4.5 Poison Magic


You had 2 spell levels left.
You knew the following spells:

 Your Spells              Type           Power      Damage    Failure   Level
a - Sting                 Tmut/Pois      44%        1d5       6%          1
b - Poisonous Vapours     Pois/Air       18%        N/A       12%         2
c - Mephitic Cloud        Conj/Pois/Air  6%         N/A       30%         3

Your spell library contained the following spells:

 Spells                   Type           Power      Damage    Failure   Level
 Static Discharge         Conj/Air       1%         3-4/arc   28%         2
 Olgreb's Toxic Radiance  Pois           17%        N/A       30%         4
 Dispel Undead            Necr           1%         3d6       88%         4
 Sticky Flame             Conj/Fire      1%         2d3       88%         4


Dungeon Overview and Level Annotations

Branches:
Dungeon (4/15)
 Temple: D:4-7

Altars:
Dithmenos
Makhleb
Qazlal
Vehumet

Shops:
D:3 *

Annotations:
D:3 1 runed translucent door, Crazy Yiuf


Innate Abilities, Weirdness & Mutations

You are immune to sickness and miasma.
Your stone body is resilient. (AC +4)
You are immune to poison.
You resist negative energy. (rN+)
You are resistant to electric shocks. (rElec)
You are resistant to unholy torment.
You are immune to petrification.


Message History

The sting hits the black bear.
The black bear is poisoned.
The black bear is lightly wounded.
The black bear growls angrily.
The sting hits the black bear.
The black bear looks even sicker.
The black bear is heavily wounded.
The black bear bites you. The black bear barely misses you. x2
You hit the black bear.
The black bear is heavily wounded.
The black bear bites you. The black bear closely misses you. x2
You hit the black bear.
The black bear is heavily wounded.
The black bear barely misses you. The black bear claws you. x2
You hit the black bear.
The black bear is severely wounded.
The black bear goes berserk!
The black bear bites you. The black bear closely misses you.
The black bear barely misses you.
You are too injured to fight recklessly!
Casting: Sting (safe; 6% risk of failure)
Confirm with . or Enter, or press ? or * to list all spells.
Aiming: Sting (safe; 6% risk of failure)
Press: ? - help, Shift-Dir - straight line, f/p - black bear
Aim: a black bear (severely wounded, berserk, very poisoned, 79% to hit)
The sting misses the black bear.
The black bear bites you. The black bear barely misses you.
The black bear claws you.
* * * LOW HITPOINT WARNING * * *
Unknown command.
Casting: Sting (safe; 6% risk of failure)
Confirm with . or Enter, or press ? or * to list all spells.
Aiming: Sting (safe; 6% risk of failure)
Press: ? - help, Shift-Dir - straight line, f/p - black bear
Aim: a black bear (severely wounded, berserk, poisoned, 79% to hit)
The sting hits the black bear.
The black bear looks even sicker.
The black bear is almost dead.
The black bear barely misses you.
The black bear claws you but does no damage.
The black bear claws you.
* * * LOW HITPOINT WARNING * * *
The black bear barely misses you. The black bear misses you.
The black bear claws you.
You die...

### ..) _. ..
.# ### .#
#.##h# ###
#..@.#
##.########
#.####
##.#.......#
#.#
.##.######.#
#.# .##.# #.#
#.# .##.#
#.###.##
....#
#.##...######
.####
#............
|.<#
####...######


You could see a black bear (berserk, very poisoned).

Vanquished Creatures
  A crimson imp (D:3)
  An orc priest (D:3)
  An adder (D:2)
  3 worms
  A dart slug (D:1)
  4 orcs (D:3)
  7 ball pythons
  5 endoplasms
  A giant cockroach (D:1)
  2 goblins (D:2)
  9 hobgoblins (D:1)
  2 jackals (D:1)
  3 quokkas (D:1)
  5 bats
  3 frilled lizards
  5 kobolds
  3 rats
56 creatures vanquished.

Notes
Turn   | Place    | Note
-------+----------+-------------------------------------------
     0 | D:1      | greasedhog the Gargoyle Venom Mage began the quest for the
                  | Orb.
     0 | D:1      | Reached XP level 1. HP: 10/10 MP: 3/3
   256 | D:1      | Reached skill level 1 in Transmutations
   269 | D:1      | Reached XP level 2. HP: 12/15 MP: 0/5
   275 | D:1      | Learned a level 2 spell: Poisonous Vapours
  1152 | D:1      | Reached XP level 3. HP: 19/19 MP: 4/6
  1644 | D:2      | Learned a level 3 spell: Mephitic Cloud
  2150 | D:2      | Reached XP level 4. HP: 24/24 MP: 7/7
  2581 | D:3      | Found a shadowy altar of Dithmenos.
  2627 | D:3      | Found Aciyhu's General Store.
  2706 | D:3      | Bought a scroll of teleportation for 33 gold pieces
  3001 | D:3      | Found a radiant altar of Vehumet.
  3002 | D:3      | Found a burning altar of Makhleb.
  3018 | D:3      | Reached XP level 5. HP: 13/28 MP: 3/8
  3023 | D:3      | Became a worshipper of Vehumet
  3255 | D:3      | Found a runed translucent door.
  3256 | D:3      | Noticed Crazy Yiuf
  3699 | D:4      | Found a stormy altar of Qazlal.
  3699 | D:4      | Noticed a black bear
  3706 | D:4      | Slain by a black bear

Illustrated notes

Levels and vault maps discovered:
D:1:      dpeg_arrival_boxorama, layout_basic, minmay_hexomino_u4
D:2:      layout_loops_ring
D:3:      layout_rooms, grunt_temple_overflow_lords_of_destruction,
          nicolae_dithmenos_the_darkroom, serial_shops, shop,
          uniq_crazy_yiuf_cottage
D:4:      layout_loops_ring, mainiacjoe_overflow_alcove_2, uniq_duvessa

Skill      XL: |  1  2  3  4 |
---------------+-------------+-----
Transmutations | 1 |  1.0
Stealth        | 3 4 |  4.6
Poison Magic   | 4 |  4.5
Dodging        | |  1.5
Spellcasting   | |  2.0

Action                   |  1- 3 |  4- 6 || total
-------------------------+-------+-------++-------
Melee: Unarmed           |    55 |       ||    55
       Falchion          |    43 |    44 ||    87
       Punch             |       |     1 ||     1
 Cast: Sting             |    37 |    28 ||    65
  Use: Scroll            |     2 |     1 ||     3
 Stab: Sleeping          |     2 |     1 ||     3
Armor: Robe              |    40 |    16 ||    56
Dodge: Dodged            |    72 |    32 ||   104

Table legend: (Time is in decaauts)
 A = Elapsed time spent in this place.
 B = Non-inter-level travel time spent in this place.
 C = Inter-level travel time spent in this place.
 D = Time resting spent in this place.
 E = Time spent auto-exploring this place.
 F = Levels seen in this place.
 G = Mean time per level.
                   A        B        C        D        E       F      G
               +--------+--------+--------+--------+--------+-----+--------+
         Total |   3730 |   3639 |     91 |    231 |   2908 |   4 |  932.5 |
       Dungeon |   3730 |   3639 |     91 |    231 |   2908 |   4 |  932.5 |
               +--------+--------+--------+--------+--------+-----+--------+

Top non-repeatable levels by time:
     D:1: 1643 daAuts
     D:3: 1066 daAuts
     D:2: 759 daAuts
     D:4: 261 daAuts
